 Dungeon Crawl Stone Soup version 0.30-a0-305-g026cb31310 (webtiles) character file.

Game seed: 8985756905159705275

87 Sobieck the Shooter (level 4, -3/26 HPs)
             Began as a Kobold Hunter on Oct 21, 2022.
             Slain by Sigmund
             ... wielding a +1 scythe of freezing
              (11 damage)
             ... on level 2 of the Dungeon.
             The game lasted 00:02:37 (1933 turns).

Sobieck the Shooter (Kobold Hunter)                 Turns: 1933, Time: 00:02:37

Health: -3/26      AC:  3    Str:  8    XL:     4   Next: 80%
Magic:  4/4        EV: 14    Int: 10    God:
Gold:   76         SH:  0    Dex: 20    Spells: 3/3 levels left

rFire   + . .      SeeInvis .    a - +0 shortbow {bow}
rCold   . . .      Faith    .    (shield currently unavailable)
rNeg    . . .      Spirit   .    c - +0 leather armour
rPois   .          Reflect  .    (no helmet)
rElec   .          Harm     .    (no cloak)
rCorr   .          Rampage  .    (no gloves)
Will    .....                    (no boots)
Stlth   +++.......               (no amulet)
HPRegen 0.24/turn                n - ring of protection from fire
MPRegen 0.09/turn                (no ring)

@: no status effects
A: small, no large weapons, nightstalker 3
a: no special abilities


You were on level 2 of the Dungeon.
You visited 1 branch of the dungeon, and saw 2 of its levels.

You collected 76 gold pieces.


Innate Abilities, Weirdness & Mutations

You are small and have problems with some larger weapons.
You are completely attuned to the shadows.


   Skills:
 - Level 2.1 Fighting
 + Level 7.2 Ranged Weapons
 - Level 2.4 Dodging
 - Level 3.0 Stealth


You had 3 spell levels left.
You didn't know any spells.
Your spell library contained the following spells:

 Spells                   Type           Power      Damage    Failure   Level
 Kiss of Death            Conj/Necr      0%         2d5       50%         1
 Momentum Strike          Conj/Tloc      0%         3d8       63%         2
 Confusing Touch          Hex            0%         N/A       86%         3
 Dispel Undead            Necr           0%         3d6       99%         4
 Dispersal                Tloc           0%         N/A       100%        6
 Borgnjor's Revivificati  Necr           0%         N/A       100%        8

Inventory:

Hand Weapons
 a - a +0 shortbow (weapon) {bow}
 i - a +0 dagger {short}
   (You took it off a goblin on level 1 of the Dungeon)
Missiles
 d - 25 stones {throwing}
 f - 6 atropa-tipped darts {throwing}
Armour
 c - a +0 leather armour (worn)
 o - a +0 robe
   (You found it on level 1 of the Dungeon)
 p - a +2 robe of positive energy
   (You took it off Jessica on level 2 of the Dungeon)
 q - a +0 leather armour
   (You found it on level 2 of the Dungeon)
 r - a +0 robe
   (You found it on level 2 of the Dungeon)
Jewellery
 n - a ring of protection from fire (left hand)
   (You found it on level 1 of the Dungeon)
Scrolls
 b - a scroll of immolation {!r!r}
 e - a scroll of blinking {unknown}
 k - 5 scrolls of identify {unknown}
 l - 3 scrolls of teleportation {unknown}
 m - a scroll of vulnerability {unknown}
Potions
 g - a potion of curing {unknown}
 h - a potion of attraction {unknown}
 j - a potion of might {unknown}

Dungeon Overview and Level Annotations

Branches:
Dungeon (2/15) Zot: 10046

Altars:

Annotations:
D:2 Sigmund

#.##### #.#####
#...... #######
######. .......# #....
.......##### #.##.
>......'...# #.##.
..@....#.### #.###
....@..#.# #.#
.##......# #.#
######.# #####.###
......# #........
......# #........
#......# #........
.##......# #........
..........####........
...#..................


You could see Sigmund.


Message History

You see here a bat corpse.
A kobold comes into view. It is wielding a +0 whip.
Danger!
You shoot an arrow.
The arrow hits the kobold but does no damage.
The kobold shouts!
You shoot an arrow. The arrow hits the kobold.
You kill the kobold!
No target in view!
You see here a +0 whip {mace}.
An adder comes into view.
Danger!
You shoot an arrow. The arrow hits the adder!
You kill the adder!
No target in view!
No target in view!
q - a +0 leather armour A bat comes into view.
The bat moves out of view.
Unknown command.
A bat is nearby!
Danger!
You shoot an arrow. The arrow hits the bat.
You hear a shout!
A kobold comes into view. It is wielding a +0 dagger.
You shoot an arrow. The arrow closely misses the bat.
The bat hits you.
You shoot an arrow. The arrow misses the bat.
The arrow barely misses the kobold.
The bat misses you.
You shoot an arrow.
The arrow hits the bat but does no damage.
The bat hits you but does no damage. The kobold misses you.
You shoot an arrow. The arrow misses the bat.
The bat hits you. The bat barely misses you. The kobold closely misses you.
You shoot an arrow. The arrow hits the kobold!
You kill the kobold!
The bat misses you.
You shoot an arrow. The arrow hits the bat!
You kill the bat!
No target in view!
No target in view!
d - 19 stones {throwing} (gained 4)
You see here a +0 dagger {short}.
d - 25 stones {throwing} (gained 6)
A kobold comes into view. It is wielding a +0 whip.
Danger!
You shoot an arrow. The arrow hits the kobold.
You kill the kobold!
No target in view!
r - a +0 robe A goblin comes into view. It is wielding a +0 club.
Danger!
You shoot an arrow. The arrow hits the goblin.
You shoot an arrow. The arrow hits the goblin.
You kill the goblin!
A bat skeleton comes into view.
You shoot an arrow. The arrow hits the bat skeleton!
You destroy the bat skeleton!
A ball python skeleton comes into view.
Danger!
You shoot an arrow.
The arrow hits the ball python skeleton.
You shoot an arrow.
The arrow hits the ball python skeleton.
You shoot an arrow.
The arrow hits the ball python skeleton!
You destroy the ball python skeleton!
You now have 76 gold pieces (gained 5).
You open the door.
There is an open door here.
Sigmund the Dreaded comes into view.
He is wielding a +1 scythe of freezing.
Found a stone staircase leading down.
Danger!
You shoot an arrow. The arrow hits Sigmund.
You shoot an arrow. The arrow hits Sigmund!
Sigmund screams, "Die, monster!"
You shoot an arrow. The arrow barely misses Sigmund.
Sigmund barely misses you.
You shoot an arrow. The arrow closely misses Sigmund.
Sigmund misses you.
You shoot an arrow. The arrow closely misses Sigmund.
Sigmund hits you from afar with a +1 scythe of freezing!
Sigmund freezes you.
You are too injured to fight recklessly!
You are too injured to fight recklessly!
Unknown command.
Fire: a) +0 shortbow {bow}
Press: ? - help, Q - select action, (/) - cycle Shift-Dir - straight line, f/p - Sigmund
Aim: Sigmund, wielding a +1 scythe of freezing and wearing a +0 robe (heavily wounded, 63% to hit)
You shoot an arrow. The arrow hits Sigmund.
Sigmund misses you.
Fire: a) +0 shortbow {bow}
Press: ? - help, Q - select action, (/) - cycle Shift-Dir - straight line, f/p - Sigmund
Aim: Sigmund, wielding a +1 scythe of freezing and wearing a +0 robe (heavily wounded, 63% to hit)
You shoot an arrow. The arrow hits Sigmund.
Fire: a) +0 shortbow {bow}
Press: ? - help, Q - select action, (/) - cycle Shift-Dir - straight line, f/p - Sigmund
Aim: Sigmund, wielding a +1 scythe of freezing and wearing a +0 robe (severely wounded, 63% to hit)
You shoot an arrow. The arrow hits Sigmund.
Sigmund points at you and mumbles some strange words.
The magic dart hits you!
* * * LOW HITPOINT WARNING * * *
Sigmund hits you from afar with a +1 scythe of freezing!
You die...

Skill      XL: |  1  2  3  4 |
---------------+-------------+-----
Stealth        | 2 3 |  3.0
Ranged Weapons | 6 7 |  7.2
Fighting       | |  2.1
Dodging        | |  2.4

Action                   |  1- 3 |  4- 6 || total
-------------------------+-------+-------++-------
 Fire: Shortbow          |    53 |    33 ||    86
Armor: Leather armour    |     8 |     2 ||    10
Dodge: Dodged            |    17 |    11 ||    28

Levels and vault maps discovered:
D:1:      sevenhm_arrival_forest_fort_large_4, layout_basic,
          minmay_indecisive_spiral
D:2:      layout_basic, serial_undead, serial_undead_a, serial_undead_d,
          serial_undead_d, serial_undead_c, uniq_jessica, uniq_sigmund

Notes
Turn   | Place    | Note
-------+----------+-------------------------------------------
     0 | D:1      | Sobieck the Kobold Hunter began the quest for the Orb.
     0 | D:1      | Reached XP level 1. HP: 12/12 MP: 1/1
   202 | D:1      | Reached skill level 2 in Stealth
   202 | D:1      | Reached XP level 2. HP: 7/17 MP: 2/2
   259 | D:1      | You pick up a book of Touch and begin reading...
   259 | D:1      | You add the spells Kiss of Death, Confusing Touch and
                  | Dispel Undead to your library.
   423 | D:1      | Reached XP level 3. HP: 21/21 MP: 3/3
   426 | D:1      | Reached skill level 3 in Stealth
   439 | D:1      | You add the spells Momentum Strike, Dispersal and
                  | Borgnjor's Revivification to your library.
   439 | D:1      | Got the Folio of Unstable Necromancy
   660 | D:1      | Reached skill level 6 in Ranged Weapons
  1303 | D:2      | Noticed Jessica
  1304 | D:2      | Killed Jessica
  1305 | D:2      | Reached XP level 4. HP: 26/26 MP: 4/4
  1411 | D:2      | Reached skill level 7 in Ranged Weapons
  1925 | D:2      | Noticed Sigmund
  1933 | D:2      | Slain by Sigmund

Vanquished Creatures
  Jessica (D:2)
  A gnoll (D:1)
  2 adders (D:2)
  6 bats
  A bat skeleton (D:2)
  An endoplasm (D:1)
  A giant cockroach (D:1)
  2 goblins
  3 hobgoblins
  2 quokkas
  4 ball pythons
  2 ball python skeletons (D:2)
  6 kobolds
  A quokka skeleton (D:2)
33 creatures vanquished.

Vanquished Creatures (others)
  A withered plant (D:2)
1 creature vanquished.

Grand Total: 34 creatures vanquished

Table legend:
 A = Non-vault XP
 B = Vault XP
 C = Vault XP percentage of total XP
 D = Non-vault monster count
 E = Vault monster count
 F = Vault count percentage of total count
                 A         B        C        D         E       F
            +---------+---------+-------+---------+---------+-------
      Total |      76 |      49 |  39.2 |      24 |       9 |  27.3
            +---------+---------+-------+---------+---------+-------
        D:1 |      31 |       7 |  18.4 |      11 |       4 |  26.7
        D:2 |      45 |      42 |  48.3 |      13 |       5 |  27.8
            +---------+---------+-------+---------+---------+-------

Illustrated notes

Table legend:
 A = Kills in this place as a percentage of kills in entire the game.
 B = Kills by you in this place as a percentage of kills by you in the entire game.
 C = Kills by friends in this place as a percentage of kills by friends in the entire game.
 D = Other kills in this place as a percentage of other kills in the entire game.
 E = Experience gained in this place as a percentage of experience gained in the entire game.
 F = Experience gained in this place divided by the number of levels of this place that you have seen.
                   A       B       C       D       E      F
               +-------+-------+-------+-------+-------+----------------------
         Total | 100.0 | 100.0 |   N/A |   N/A | 100.0 |  62.5
       Dungeon | 100.0 | 100.0 |   N/A |   N/A | 100.0 |  62.5
               +-------+-------+-------+-------+-------+----------------------

Table legend: (Time is in decaauts)
 A = Elapsed time spent in this place.
 B = Non-inter-level travel time spent in this place.
 C = Inter-level travel time spent in this place.
 D = Time resting spent in this place.
 E = Time spent auto-exploring this place.
 F = Levels seen in this place.
 G = Mean time per level.
                   A        B        C        D        E       F      G
               +--------+--------+--------+--------+--------+-----+--------+
         Total |   1952 |   1916 |     36 |      0 |   1761 |   2 |  976.0 |
       Dungeon |   1952 |   1916 |     36 |      0 |   1761 |   2 |  976.0 |
               +--------+--------+--------+--------+--------+-----+--------+

Top non-repeatable levels by time:
     D:1: 1127 daAuts
     D:2: 825 daAuts
